 Dungeon Crawl Stone Soup version 0.18-a0-705-g580043c (webtiles) character file.

23 4thArraOfDagon the Chiller (level 2, -1/15 HPs)
             Began as a Deep Elf Ice Elementalist on Dec 7, 2015.
             Slain by a black bear (3 damage)
             ... on level 7 of the Dungeon.
             The game lasted 00:03:05 (364 turns).

4thArraOfDagon the Chiller (DEIE)                    Turns: 364, Time: 00:03:05

Health: -1/15      AC:  2    Str:  5    XL:     2   Next: 75%
Magic:  3/8        EV: 13    Int: 19    God:
Gold:   91         SH:  0    Dex: 15    Spells: 2 memorised, 4 levels left

rFire  . . .     SeeInvis .     f - +0 rapier (curse)
rCold  . . .     Clarity  .     a - +0 robe
rNeg   . . .     SustAt   .     (no shield)
rPois  .         Gourm    .     (no helmet)
rElec  .         Spirit   .     (no cloak)
rCorr  .         Dismiss  .     (no gloves)
rMut   .         Stasis   .     (no boots)
MR     .....                    (no amulet)
Stlth  ++........               (no ring)
                                (no ring)

@: flying, not resistant to hostile enchantments, unstealthy
A: no striking features
a: no special abilities


You were on level 7 of the Dungeon.
You were not hungry.

You visited 1 branch of the dungeon, and saw 7 of its levels.

You collected 91 gold pieces.

Inventory:

Hand Weapons
 d - a +0 trident of piercing
 e - a +0 dagger
 f - a cursed +0 rapier (weapon)
Armour
 a - a +0 robe (worn)
Books
 b - a book of Frost

   Spells                             Type                      Level
   a - Freeze                         Ice                          1
   b - Throw Frost                    Conjuration/Ice              2
   c - Ozocubu's Armour               Charms/Ice                   3
   d - Throw Icicle                   Conjuration/Ice              4
   e - Summon Ice Beast               Ice/Summoning                4
   f - Condensation Shield            Ice                          4
Comestibles
 c - 2 bread rations


   Skills:
 - Level 2.4 Dodging
 - Level 2.4 Stealth
 + Level 3.3 Spellcasting
 - Level 1.1 Conjurations
 * Level 4.2 Ice Magic


You had 4 spell levels left.
You knew the following spells:

 Your Spells              Type           Power        Failure   Level  Hunger
a - Freeze                Ice            ###.         2%          1    None
b - Throw Frost           Conj/Ice       ##....       10%         2    ##.....


Dungeon Overview and Level Annotations

Branches:
Dungeon (7/15)
 Temple: D:4-7

Altars:

Annotations:
D:3 Grinder
D:4 Duvessa


Message History

Casting: Freeze
Confirm with . or Enter, or press ? or * to list all spells.
Aiming: Freeze
Press: ? - help, Shift-Dir - straight line, f/p - black bear
Aim: a black bear (moderately wounded)
You freeze the black bear.
The black bear is heavily wounded.
The black bear bites you but does no damage.
The black bear claws you.
* * * LOW HITPOINT WARNING * * *
The black bear barely misses you.
Casting: Freeze
Confirm with . or Enter, or press ? or * to list all spells.
Aiming: Freeze
Press: ? - help, Shift-Dir - straight line, f/p - black bear
Aim: a black bear (heavily wounded)
You freeze the black bear.
The black bear is severely wounded.
The black bear bites you.
You die...

......... ....... ... )..a.#..#
#### #...#.#.###..## >..h.....
... .............. ......# #.#
#............ .....#
#.####...........## #...#
#........# #...### #...#
#........# #......
####...####........######.#..##
..............h@..............#
##########################.##.#
#.##.# ####.. #... #... ...


You could see a black bear.

Vanquished Creatures
  An adder (D:4)
  A giant gecko (D:1)
  A goblin (D:1)
  2 hobgoblins
  4 jackals (D:2)
  A quokka (D:6)
  A giant newt (D:3)
  2 kobolds
  A rat (D:3)
14 creatures vanquished.

Notes
Turn   | Place    | Note
--------------------------------------------------------------
     0 | D:1      | 4thArraOfDagon the Deep Elf Ice Elementalist began the quest for the Orb.
     0 | D:1      | Reached XP level 1. HP: 10/10 MP: 6/6
   111 | D:2      | Reached XP level 2. HP: 15/15 MP: 5/8
   125 | D:2      | Reached skill level 4 in Ice Magic
   191 | D:3      | Noticed Grinder
   209 | D:4      | Noticed Duvessa
   217 | D:4      | Learned a level 2 spell: Throw Frost
   219 | D:5      | Entered Level 5 of the Dungeon
   346 | D:7      | Noticed a black bear
   364 | D:7      | Slain by a black bear

Vault maps used:
D:1:      dpeg_arrival_shrine
D:2:      grunt_dithmenos_smoke, first_bread, minmay_misc_feat_x,
          minmay_surrounded, uniq_robin, uniq_terence
D:3:      uniq_grinder
D:4:      lemuel_doored_altar, tgw_trog, gup_sewer_entry_bowl,
          minmay_misc_feat_rows, uniq_duvessa, uniq_eustachio, uniq_natasha
D:5:      minitemple, grunt_temple_overflow_cloverleaf, uniq_blork_the_orc
D:6:      overflow_temple_1_default, st_stairs_6, uniq_menkaure,
          uniq_prince_ribbit1
D:7:      kennysheep_windowed_halls, minmay_temple_entry_statues_pillars

Action                   || total
-------------------------++-------
Melee: Trident           ||     5
       Dagger            ||     2
 Cast: Freeze            ||    22
  Use: Scroll            ||     3
       Potion            ||     1
 Stab: Sleeping          ||     2
